 Dungeon Crawl Stone Soup version 0.22.1-1-ga44c0e56f4 (webtiles) character file.

637 Freyura the Ducker (level 7, 0/56 HPs)
             Began as a Gnoll Gladiator on Sept 30, 2018.
             Splashed by a jelly's acid (1 damage)
             ... on level 5 of the Dungeon.
             The game lasted 00:08:47 (2685 turns).

Freyura the Ducker (Gnoll Gladiator)                Turns: 2685, Time: 00:08:48

Health: 0/56       AC: -2    Str: 16    XL:     7   Next: 50%
Magic:  19/19      EV: 10    Int: 10    God:
Gold:   236        SH:  0    Dex: 19    Spells: 11/11 levels left

rFire    . . .     SeeInvis .   a - +0 quarterstaff
rCold    . . .     Gourm    .   (shield currently unavailable)
rNeg     . . .     Faith    .   j - +0 chain mail
rPois    .         Spirit   .   c - +0 helmet
rElec    .         Reflect  .   (no cloak)
rCorr    .         Harm     .   e - +2 pair of gloves
MR       .....                  (no boots)
Stlth    ..........             (no amulet)
HPRegen  0.18/turn              u - ring of magical power
MPRegen  0.16/turn              g - ring of stealth

@: corroded
A: distributed training, fangs 1, strong nose
a: no special abilities


You were on level 5 of the Dungeon.
You were very full.

You visited 1 branch of the dungeon, and saw 5 of its levels.

You collected 236 gold pieces.

Inventory:

Hand Weapons
 a - a +0 quarterstaff (weapon)
Missiles
 d - 3 throwing nets (quivered)
Armour
 b - a +0 leather armour
 c - a +0 helmet (worn)
 e - a +2 pair of gloves (worn)
 j - a +0 chain mail (worn)
Jewellery
 g - a ring of stealth (right hand)
 l - a +6 ring of intelligence
 u - a ring of magical power (left hand)
Scrolls
 m - a scroll of remove curse
 o - a scroll of identify
Potions
 h - a potion of might
 i - a potion of haste
 k - 2 potions of lignification {unknown}
 n - a potion of brilliance {unknown}
 p - a potion of cancellation {unknown}
 q - 3 potions of curing {unknown}
 r - 2 potions of ambrosia {unknown}
 s - a potion of flight {unknown}
Comestibles
 f - 3 rations


   Skills:
 + Level 5.2 Fighting
 + Level 2.5 Short Blades
 + Level 2.5 Long Blades
 + Level 2.5 Axes
 + Level 2.5 Maces & Flails
 + Level 2.5 Polearms
 + Level 7.0 Staves
 + Level 2.5 Slings
 + Level 2.5 Bows
 + Level 2.5 Crossbows
 + Level 5.2 Throwing
 + Level 2.5 Armour
 + Level 7.0 Dodging
 + Level 2.5 Stealth
 + Level 2.5 Shields
 + Level 2.5 Unarmed Combat
 + Level 2.5 Spellcasting
 + Level 2.0 Conjurations
 + Level 2.0 Hexes
 + Level 2.0 Charms
 + Level 2.0 Summonings
 + Level 2.0 Necromancy
 + Level 2.0 Translocations
 + Level 2.0 Transmutations
 + Level 2.0 Fire Magic
 + Level 2.0 Ice Magic
 + Level 2.0 Air Magic
 + Level 2.0 Earth Magic
 + Level 2.0 Poison Magic
 + Level 2.7 Invocations
 + Level 2.5 Evocations


You had 11 spell levels left.
You didn't know any spells.
Your spell library was empty.

Dungeon Overview and Level Annotations

Branches:
Dungeon (5/15)
 Temple: D:4-7

Altars:
Cheibriados
Ru
The Shining One

Annotations:
D:4 2 transporters


Innate Abilities, Weirdness & Mutations

Your experience applies equally to all skills.
You have very sharp teeth.
Your uncanny sense of smell can sniff out nearby items.


Message History

You are too injured to fight recklessly!
You are too injured to fight recklessly!
You hit the jelly but do no damage. The acid corrodes you!
Your hands burn!
You bite the jelly, but do no damage.
The jelly is heavily wounded.
The jelly barely misses you.
You hit the jelly but do no damage.
Your hands burn!
You bite the jelly, but do no damage.
The jelly is heavily wounded.
The jelly hits you. The acid corrodes you!
You are splashed with acid!
The acid burns!
* * * LOW HITPOINT WARNING * * *
Your chain mail prevents you from hitting the jelly.
The jelly is heavily wounded.
The jelly hits you.
* * * LOW HITPOINT WARNING * * *
You are splashed with acid!
The acid burns!
* * * LOW HITPOINT WARNING * * *
You hit the jelly. The acid corrodes you!
Your hands burn!
You die...

#..........#.#.#
#.#..#.###.#.#.#
#.#..##.##.#..##
#.#......#†#.##
#.##)##.#.†..#
#.##.##.##†#.#
#>##.##.##.#.#
########.##.##.##.#.#
......J@.....[......#
#############.....###
#...#.# ###.#.#
##########.#.#
##............#
######...#######.###
#).....#..## #.#
###.##...#.(.# #.#


You could see a jelly.

Vanquished Creatures
  Sigmund (D:4)
  An ogre (D:4)
  A water moccasin skeleton (D:4)
  A howler monkey (D:4)
  A bullfrog skeleton (D:5)
  An iguana (D:5)
  Jessica (D:2)
  A worker ant (D:4)
  A howler monkey skeleton (D:4)
  10 adders
  4 oozes
  2 worms (D:2)
  4 dart slugs
  3 orcs (D:3)
  4 giant cockroaches
  3 goblins
  6 hobgoblins
  12 jackals
  A quokka (D:2)
  A ball python (D:3)
  6 bats
  4 frilled lizards
  A jackal skeleton (D:4)
  3 kobolds
  2 leopard gecko skeletons (D:4)
  5 rats
80 creatures vanquished.

Notes
Turn   | Place    | Note
-------+----------+-------------------------------------------
     0 | D:1      | Freyura the Gnoll Gladiator began the quest for the Orb.
     0 | D:1      | Reached XP level 1. HP: 20/20 MP: 1/1
    12 | D:1      | Noticed a rime drake
    12 | D:1      | Noticed a killer bee
    12 | D:1      | Noticed an iguana
   440 | D:2      | Reached XP level 2. HP: 25/26 MP: 2/2
   497 | D:2      | Noticed Jessica
   505 | D:2      | Killed Jessica
   505 | D:2      | Reached skill level 1 in Invocations
   505 | D:2      | Reached XP level 3. HP: 31/31 MP: 2/4
   526 | D:2      | Reached skill level 1 in Short Blades
   526 | D:2      | Reached skill level 1 in Long Blades
   526 | D:2      | Reached skill level 1 in Axes
   526 | D:2      | Reached skill level 1 in Maces & Flails
   526 | D:2      | Reached skill level 1 in Polearms
   526 | D:2      | Reached skill level 1 in Slings
   526 | D:2      | Reached skill level 1 in Bows
   526 | D:2      | Reached skill level 1 in Crossbows
   526 | D:2      | Reached skill level 1 in Armour
   526 | D:2      | Reached skill level 1 in Stealth
   526 | D:2      | Reached skill level 1 in Shields
   526 | D:2      | Reached skill level 1 in Unarmed Combat
   526 | D:2      | Reached skill level 1 in Spellcasting
   526 | D:2      | Reached skill level 1 in Evocations
   643 | D:2      | Reached XP level 4. HP: 34/38 MP: 5/5
   844 | D:2      | Reached skill level 1 in Conjurations
   844 | D:2      | Reached skill level 1 in Hexes
   844 | D:2      | Reached skill level 1 in Charms
   844 | D:2      | Reached skill level 1 in Summonings
   844 | D:2      | Reached skill level 1 in Necromancy
   844 | D:2      | Reached skill level 1 in Translocations
   844 | D:2      | Reached skill level 1 in Transmutations
   844 | D:2      | Reached skill level 1 in Fire Magic
   844 | D:2      | Reached skill level 1 in Ice Magic
   844 | D:2      | Reached skill level 1 in Air Magic
   844 | D:2      | Reached skill level 1 in Earth Magic
   844 | D:2      | Reached skill level 1 in Poison Magic
  1105 | D:3      | Reached XP level 5. HP: 40/43 MP: 6/6
  1310 | D:3      | Found a sacrificial altar of Ru.
  1876 | D:4      | Found a snail-covered altar of Cheibriados.
  2046 | D:4      | Noticed Sigmund
  2063 | D:4      | Killed Sigmund
  2063 | D:4      | Reached skill level 5 in Fighting
  2063 | D:4      | Reached skill level 5 in Throwing
  2063 | D:4      | Reached XP level 6. HP: 36/51 MP: 7/9
  2077 | D:4      | Found a glowing golden altar of the Shining One.
  2083 | D:4      | Reached XP level 7. HP: 29/56 MP: 10/10
  2146 | D:4      | Found a transporter.
  2411 | D:4      | Found a transporter.
  2551 | D:5      | Entered Level 5 of the Dungeon
  2684 | D:5      | HP: 1/56 [acid (7)]
  2685 | D:5      | Splashed by a jelly's acid

Skill      XL: |  1  2  3  4  5  6  7 |
---------------+----------------------+-----
Invocations    | 1 2 |  2.7
Short Blades   | 1 2 |  2.5
Long Blades    | 1 2 |  2.5
Axes           | 1 2 |  2.5
Maces & Flails | 1 2 |  2.5
Polearms       | 1 2 |  2.5
Slings         | 1 2 |  2.5
Bows           | 1 2 |  2.5
Crossbows      | 1 2 |  2.5
Armour         | 1 2 |  2.5
Stealth        | 1 2 |  2.5
Shields        | 1 2 |  2.5
Unarmed Combat | 1 2 |  2.5
Spellcasting   | 1 2 |  2.5
Evocations     | 1 2 |  2.5
Conjurations   | 1 2 |  2.0
Hexes          | 1 2 |  2.0
Charms         | 1 2 |  2.0
Summonings     | 1 2 |  2.0
Necromancy     | 1 2 |  2.0
Translocations | 1 2 |  2.0
Transmutations | 1 2 |  2.0
Fire Magic     | 1 2 |  2.0
Ice Magic      | 1 2 |  2.0
Air Magic      | 1 2 |  2.0
Earth Magic    | 1 2 |  2.0
Poison Magic   | 1 2 |  2.0
Fighting       | 5 |  5.2
Throwing       | 5 |  5.2
Staves         | 7 |  7.0
Dodging        | 7 |  7.0

Action                   |  1- 3 |  4- 6 |  7- 9 || total
-------------------------+-------+-------+-------++-------
Melee: Quarterstaff      |    50 |   138 |    85 ||   273
       Bite              |     5 |    13 |    19 ||    37
  Use: Scroll            |       |     6 |     1 ||     7
       Potion            |       |     1 |       ||     1
 Stab: Sleeping          |     2 |     5 |       ||     7
       Distracted        |     1 |       |       ||     1
  Eat: Ration            |       |     1 |     2 ||     3
       Chunk             |       |       |     2 ||     2
Armor: Leather armour    |    13 |     4 |       ||    17
       Chain mail        |       |    41 |    39 ||    80
Dodge: Dodged            |    41 |    85 |    39 ||   165
